 Dungeon Crawl Stone Soup version 0.23.2-11-gf996548c65 (webtiles) character file.

Game seed: 1239131266528070904

2224 MalarOregon the Frost Mage (level 9, -15/60 (62) HPs)
             Began as a Ghoul Ice Elementalist on June 5, 2019.
             Was a Follower of Makhleb.
             Demolished by an ogre
             ... wielding a +0 giant club
              (28 damage)
             ... on level 7 of the Dungeon.
             The game lasted 00:29:21 (9941 turns).

MalarOregon the Frost Mage (Ghoul Ice Elementalist) Turns: 9941, Time: 00:29:22

HP:   -15/60 (62)   AC:  8    Str: 10 (12) XL:     9   Next: 35%
MP:   7/14          EV: 12    Int: 12 (13) God:    Makhleb [*.....]
Gold: 228           SH:  0    Dex: 11 (12) Spells: 2/16 levels left

rFire    . . .     SeeInvis .   (no weapon)
rCold    + . .     Gourm    .   (no shield)
rNeg     + + +     Faith    .   r - +1 robe of Oziureeh {rPois MR+}
rPois    ∞         Spirit   .   m - +1 helmet
rElec    .         Reflect  .   D - +1 cloak
rCorr    .         Harm     .   (no gloves)
MR       ++...                  i - +0 pair of boots
Stlth    ++........             A - amulet of regeneration
HPRegen  0.00/turn              h - +3 ring of dexterity
MPRegen  0.14/turn              l - ring of protection from magic

@: rotting
A: rotting body, claws 1, carnivore, cold resistance 1, negative energy
resistance 3, inhibited regeneration, torment resistance, unbreathing
a: Renounce Religion


You were on level 7 of the Dungeon.
You worshipped Makhleb.
Makhleb was aware of your devotion.
You were not hungry.

You visited 2 branches of the dungeon, and saw 8 of its levels.

You collected 488 gold pieces.
You spent 260 gold pieces at shops.

Inventory:

Armour
 i - a +0 pair of boots (worn)
   (You found it on level 2 of the Dungeon)
 m - a +1 helmet (worn)
   (You found it on level 3 of the Dungeon)
 r - the +1 robe of Oziureeh (worn) {rPois MR+}
   (You found it on level 4 of the Dungeon)

   It protects you from poison.
   It affects your resistance to hostile enchantments.
 v - a +0 buckler
   (You bought it in a shop on level 5 of the Dungeon)
 D - a +1 cloak (worn)
   (You found it on level 7 of the Dungeon)
Jewellery
 g - a +4 amulet of reflection
   (You found it on level 1 of the Dungeon)
 h - a +3 ring of dexterity (left claw)
   (You found it on level 3 of the Dungeon)
 l - a ring of protection from magic (right claw)
   (You found it on level 5 of the Dungeon)
 A - an amulet of regeneration (around neck)
   (You found it on level 7 of the Dungeon)
Wands
 d - a wand of iceblast (6)
   (You bought it in a shop on level 4 of the Dungeon)
 B - a wand of enslavement (10)
   (You found it on level 7 of the Dungeon)
Scrolls
 c - 4 scrolls of teleportation {@r4}
 f - a scroll of magic mapping
 x - a scroll of immolation {!r}
Potions
 j - a potion of haste {@q3}
 k - a potion of flight
 q - 3 potions of curing {@q1}
 w - 2 potions of might
 C - 2 potions of agility
Comestibles
 e - 13 rations {!d}


   Skills:
 - Level 1.7 Dodging
 - Level 2.1 Stealth
 + Level 5.0 Shields
 - Level 4.1 Spellcasting
 - Level 2.0 Conjurations
 - Level 3.0 Summonings
 - Level 10.1 Ice Magic


You had 2 spell levels left.
You knew the following spells:

 Your Spells              Type           Power        Failure   Level  Hunger
a - Freeze                Ice            ####         1%          1    #......
b - Ozocubu's Armour      Chrm/Ice       ##......     9%          3    ###....
c - Throw Icicle          Conj/Ice       ###.....     19%         4    #####..
d - Summon Ice Beast      Ice/Summ       ###.....     14%         4    #####..
x - Throw Frost           Conj/Ice       ###...       2%          2    ##.....

Your spell library contained the following spells:

 Spells                   Type           Power        Failure   Level  Hunger
 Animate Skeleton         Necr           N/A          22%         1    #......
 Pain                     Necr           #...         22%         1    #......
 Regeneration             Chrm/Necr      #.........   54%         3    ###....
 Vampiric Draining        Necr           #.........   54%         3    ###....
 Animate Dead             Necr           N/A          91%         4    #####..


Dungeon Overview and Level Annotations

Branches:
Dungeon (7/15)             Temple (1/1) D:6

Altars:
Ashenzari
Cheibriados
Dithmenos
Elyvilon
Fedhas
Gozag
Hepliaklqana
Kikubaaqudgha
Makhleb
Nemelex Xobeh
Okawaru
Qazlal
Ru
Sif Muna
Uskayaw
Vehumet
Wu Jian
Xom
Yredelemnul
Zin
The Shining One

Shops:
D:4 }   D:5 [[%*(

Portals:
Bailey: D:7

Annotations:
D:4 exclusions: skeleton and spectral thing


Innate Abilities, Weirdness & Mutations

Your body is rotting away.
You thrive on raw meat.
You are immune to poison.
You have sharp fingernails.
You are carnivorous and can eat meat at any time.
Your flesh is cold resistant. (rC+)
You are immune to negative energy. (rN+++)
You do not regenerate when monsters are visible.
You are immune to unholy pain and torment.
You can survive without breathing.


Message History

Okay, then.
It was a potion of mutation.
You feel extremely strange.
Your body decomposes!
You feel weakened.
Your body decomposes!
You feel clumsy.
Your body decomposes!
You feel dopey.
Your body decomposes!
You feel weakened.
It was a potion of lignification.
You feel woody for a moment.
You feel your flesh rotting away.
Your magical contamination has completely faded away.
Okay, then.
You feel your flesh rotting away.
There is a stone staircase leading down here.
You climb downwards.
You hear the roar of battle.
There is an entrance to a bailey on this level.
Hurry and find it before the portal closes forever!
You hear the loud creaking of a portcullis nearby.
There is a stone staircase leading up here.
The ogre shouts!
The worker ant twitches its antennae in your direction.
There is a stone staircase leading up here.
You can't see any susceptible monsters within range! (Use Z to cast anyway.)
Aim: a worker ant You freeze the worker ant.
The worker ant completely misses you.
Aim: a worker ant (lightly wounded)
You freeze the worker ant! The worker ant barely misses you.
The worker ant bites you.
Aim: a worker ant (severely wounded)
You freeze the worker ant. The worker ant completely misses you.
The ogre hits you with a +0 giant club!!
Aim: a worker ant (severely wounded)
You freeze the worker ant.
You kill the worker ant!
Makhleb accepts your kill.
Your Shields skill increases to level 5!
Aim: an ogre, wielding a +0 giant club You freeze the ogre.
The ogre hits you with a +0 giant club!!
* * * LOW HITPOINT WARNING * * *
Aim: an ogre, wielding a +0 giant club (lightly wounded)
You freeze the ogre. The ogre closely misses you.
Aim: an ogre, wielding a +0 giant club (lightly wounded)
You freeze the ogre. The ogre closely misses you.
Aim: an ogre, wielding a +0 giant club (moderately wounded)
You freeze the ogre.
The ogre hits you with a +0 giant club!!
You die...

#..####.# #.##.# ..#
###.# #.##.#
.÷###...###.##.####
..................%
#.÷......##.###.###
............).....#
#########.#.###.###
... # #.#......# .. #
#.......@###### .#
#......O.##...##.#
######...............
#...................#
.....##.......!.....#
#.######...>......<.#
. .=.............##
######...##....#
##†######.#


You could see an ogre.

Vanquished Creatures
  Prince Ribbit (D:7)
  An orc warrior (D:6)
  A sky beast (D:7)
  4 ogres
  A centaur (D:7)
  A big kobold (D:7)
  3 bullfrogs (D:7)
  A scorpion (D:6)
  3 crimson imps
  A bullfrog zombie (D:5)
  3 hounds
  2 centaur skeletons (D:6)
  6 orc priests
  Terence (D:2)
  8 orc wizards
  4 worker ants
  A worker ant zombie (D:6)
  9 adders
  3 shadow imps
  4 oozes
  2 adder skeletons
  3 worms
  A dart slug (D:1)
  7 leopard geckos
  30 orcs
  3 ball pythons
  10 bats
  6 giant cockroaches
  13 goblins
  12 hobgoblins
  2 jackals (D:4)
  19 kobolds
  4 quokkas
  5 frilled lizards
  A leopard gecko skeleton (D:7)
  4 rats
180 creatures vanquished.

Vanquished Creatures (collateral kills)
  A centaur zombie (D:6)
1 creature vanquished.

Grand Total: 181 creatures vanquished

Notes
Turn   | Place    | Note
-------+----------+-------------------------------------------
     0 | D:1      | MalarOregon the Ghoul Ice Elementalist began the quest for
                  | the Orb.
     0 | D:1      | Reached XP level 1. HP: 14/14 MP: 2/2
   120 | D:1      | Reached XP level 2. HP: 19/20 MP: 2/4
   484 | D:1      | Reached skill level 4 in Ice Magic
   592 | D:1      | Learned a level 2 spell: Throw Frost
   935 | D:1      | Reached XP level 3. HP: 26/26 MP: 1/5
  1749 | D:2      | Reached skill level 5 in Ice Magic
  1749 | D:2      | Reached XP level 4. HP: 23/33 MP: 0/6
  1844 | D:2      | Learned a level 4 spell: Summon Ice Beast
  1875 | D:2      | Found an ancient bone altar of Kikubaaqudgha.
  1956 | D:2      | Noticed Terence
  1963 | D:2      | Killed Terence
  1963 | D:2      | Reached skill level 1 in Conjurations
  2455 | D:2      | Reached XP level 5. HP: 30/38 MP: 3/7
  2671 | D:2      | Found a hazy altar of Hepliaklqana.
  2701 | D:2      | Found a deep blue altar of Sif Muna.
  3132 | D:3      | Reached skill level 1 in Summonings
  3676 | D:3      | Found a white marble altar of Elyvilon.
  3736 | D:3      | Reached XP level 6. HP: 45/45 MP: 5/8
  3930 | D:3      | Reached skill level 6 in Ice Magic
  5033 | D:4      | Got an ichor-stained robe
  5044 | D:4      | Identified the cursed +1 robe of Oziureeh {rPois MR+} (You
                  | found it on level 4 of the Dungeon)
  5068 | D:4      | Reached XP level 7. HP: 22/50 MP: 1/10
  5309 | D:4      | Learned a level 4 spell: Throw Icicle
  5321 | D:4      | Found Gafefu's Gadget Shop.
  5415 | D:4      | Bought a wand of iceblast (6) for 120 gold pieces
  5537 | D:4      | Reached skill level 7 in Ice Magic
  5810 | D:4      | Found a basalt altar of Yredelemnul.
  6180 | D:5      | Entered Level 5 of the Dungeon
  6181 | D:5      | Found Wirumiru's Food Emporium.
  6205 | D:5      | Found a sparkling altar of Nemelex Xobeh.
  6656 | D:5      | Found Ozyfeyl's Armour Shoppe.
  6664 | D:5      | Bought a +0 buckler for 58 gold pieces
  6717 | D:5      | Found a shadowy altar of Dithmenos.
  6819 | D:5      | Found a burning altar of Makhleb.
  6826 | D:5      | Became a worshipper of Makhleb the Destroyer
  6892 | D:5      | Reached XP level 8. HP: 37/57 MP: 12/12
  6996 | D:5      | Found Loydeuse's General Store.
  7000 | D:5      | Bought a potion of might for 44 gold pieces
  7000 | D:5      | Bought a scroll of immolation for 38 gold pieces
  7001 | D:5      | Found Qeng's Antique Weapon Shop.
  7402 | D:5      | Found Oliaq's Antique Armour Shop.
  7606 | D:6      | Reached skill level 8 in Ice Magic
  8347 | D:6      | Reached skill level 9 in Ice Magic
  8760 | D:6      | Found a staircase to the Ecumenical Temple.
  8928 | D:6      | Reached * piety under Makhleb
  9114 | Temple   | Entered the Ecumenical Temple
  9464 | D:7      | Reached skill level 10 in Ice Magic
  9470 | D:7      | Reached skill level 1 in Shields
  9530 | D:7      | Reached XP level 9. HP: 47/62 MP: 6/14
  9541 | D:7      | Learned a level 3 spell: Ozocubu's Armour
  9630 | D:7      | Noticed Prince Ribbit
  9637 | D:7      | Killed Prince Ribbit
  9755 | D:7      | Identified the +2 robe of Somewhere Else {rN++}
  9757 | D:7      | Found a flagged portal.
  9937 | D:7      | Reached skill level 5 in Shields
  9941 | D:7      | Demolished by an ogre

Skill      XL: |  1  2  3  4  5  6  7  8  9 |
---------------+----------------------------+-----
Spellcasting   | 2 3 4 |  4.1
Ice Magic      | 4 5 6 7 10 | 10.1
Conjurations   | 1 2 |  2.0
Summonings     | 1 2 3 |  3.0
Shields        | 2 5 |  5.0
Dodging        | |  1.7
Stealth        | |  2.1

Action                   |  1- 3 |  4- 6 |  7- 9 || total
-------------------------+-------+-------+-------++-------
Melee: Unarmed           |    22 |   134 |   191 ||   347
 Cast: Freeze            |    56 |   144 |   152 ||   352
       Throw Frost       |     3 |    24 |     9 ||    36
       Summon Ice Beast  |       |       |     1 ||     1
       Ozocubu's Armour  |       |       |     1 ||     1
  Use: Scroll            |     1 |     1 |    16 ||    18
       Potion            |       |     1 |     2 ||     3
  Eat: Chunk             |     5 |    21 |    19 ||    45
Armor: Robe              |    11 |    38 |    85 ||   134
Dodge: Dodged            |    28 |   121 |   169 ||   318
Block: Other             |       |       |    24 ||    24
